 Dungeon Crawl Stone Soup version 0.16.1-11-g651b585 (webtiles) character file.

124086 hulla the Transmogrifier (level 16, -12/105 HPs)
             Began as an Octopode Transmuter on Apr 4, 2015.
             Was the Champion of Makhleb.
             Shot with an arrow of frost by a naga sharpshooter (21 damage)
             ... on level 5 of the Snake Pit on Apr 5, 2015.
             The game lasted 06:08:04 (33442 turns).

hulla the Transmogrifier (Octopode Transmuter)     Turns: 33442, Time: 06:08:06

Health: -12/105    AC:  6    Str: 10    XL:     16   Next: 92%
Magic:  31/40      EV: 34    Int: 22    God:    Makhleb [******]
Gold:   2470       SH:  0    Dex: 20    Spells: 8 memorised, 9 levels left

rFire  . . .     SeeInvis .     G - melded +5 blowgun
rCold  + . .     Clarity  .     (shield currently unavailable)
rNeg   . . .     SustAb   .     (helmet currently unavailable)
rPois  x         Gourm    +     D - amulet of the gourmand
rElec  .         Spirit   .     f - ring of wizardry
rCorr  .         Warding  .     l - +3 ring of dexterity
rMut   .         Stasis   .     V - ring of protection from cold
MR     +....                    e - +4 ring of protection
Stlth  ++........               E - ring of magical power
                                (no ring)
                                (no ring)
                                (no ring)

@: spider-form, very slightly contaminated, somewhat resistant to hostile
enchantments, unstealthy
A: almost no armour, amphibious, 8 rings, (constrict 8), (camouflage 0), frail
1, regeneration 1, (electricity resistance), (gelatinous body 0)
a: End Transformation, Minor Destruction, Lesser Servant of Makhleb, Major
Destruction, Greater Servant of Makhleb, Renounce Religion


You were on level 5 of the Snake Pit.
You worshipped Makhleb.
Makhleb was exalted by your worship.
You were completely stuffed.
You were a venomous arachnid creature.
You visited 6 branches of the dungeon, and saw 26 of its levels.
You also visited: Ice Cave.

You collected 2502 gold pieces.
You spent 32 gold pieces at shops.

Inventory:

Hand weapons
 c - a +0 spear
 C - a +2 demon blade of venom
 G - a +5 blowgun (melded)
Missiles
 b - 476 arrows
 g - 38 stones (quivered)
 h - 59 poisoned needles
Jewellery
 e - a +4 ring of protection (on tentacle)
 f - a ring of wizardry (left front leg)
 k - an uncursed ring of fire
 l - a +3 ring of dexterity (right front leg)
 o - an uncursed amulet of clarity {unknown}
 D - an amulet of the gourmand (around neck)
 E - a ring of magical power (on tentacle)
 M - an uncursed amulet of regeneration
 N - an uncursed amulet of faith
 V - a ring of protection from cold (on tentacle)
Magical devices
 q - a wand of paralysis (7)
 v - a wand of flame (20)
 w - a wand of polymorph (14)
 y - a wand of digging (19)
 B - a wand of cold (7)
 F - a wand of paralysis (23)
 Z - a wand of teleportation (5)
Scrolls
 d - 4 scrolls of magic mapping
 j - 3 scrolls of recharging
 n - 6 scrolls of remove curse
 H - 3 scrolls of teleportation
 J - a scroll of amnesia
 U - a scroll of enchant armour
Potions
 i - 2 potions of poison {unknown}
 p - a potion of lignification {unknown}
 r - 2 potions of curing
 s - a potion of magic {unknown}
 t - a potion of resistance
 x - a potion of restore abilities
 S - a potion of haste
Books
 O - a Young Poisoner's Handbook

   Spells                             Type                      Level
   a - Sting                          Conjuration/Poison           1
   b - Cure Poison                    Poison                       2
   c - Mephitic Cloud                 Conjuration/Poison/Air       3
   d - Olgreb's Toxic Radiance        Poison                       4
   e - Venom Bolt                     Conjuration/Poison           5
Miscellaneous
 T - a phial of floods (inert)
Comestibles
 a - 7 bread rations
 u - 9 meat rations
 z - 3 beef jerkies
 I - 5 poisonous chunks of flesh
 K - 11 royal jellies
 L - 14 fruits
 Q - 4 slices of pizza


   Skills:
 - Level 13.2 Fighting
 - Level 0.2 Polearms
 - Level 12.6 Dodging
 - Level 1.1 Stealth
 - Level 13.2 Unarmed Combat
 - Level 8.1 Spellcasting
 - Level 14.3 Transmutations
 + Level 2.2 Air Magic
 + Level 2.8 Poison Magic
 - Level 11.5 Invocations


You had 9 spell levels left.
You knew the following spells:

 Your Spells              Type           Power        Failure   Level  Hunger
a - Beastly Appendage     Trmt           ######       1%          1    None
b - Spider Form           Trmt/Pois      #####.....   1%          3    None
c - Sticks to Snakes      Trmt           ######....   1%          2    None
d - Ice Form              Ice/Trmt       #####...     6%          4    ###....
e - Corona                Hex            #......      10%         1    None
f - Dragon Form           Trmt           ######....   17%         7    #######
g - Summon Butterflies    Summ           #.......     10%         1    None
h - Mephitic Cloud        Conj/Pois/Air  ###.....     12%         3    None


Dungeon Overview and Level Annotations

Branches:
Dungeon (10/15)            Temple (1/1) D:5            Lair (8/8) D:10
  Swamp (0/5) Lair:5        Snake (5/5) Lair:3        Slime (1/6) Lair:8
    Orc (1/4) D:9

Altars:
Ashenzari
Cheibriados
Dithmenos
Elyvilon
Fedhas
Kikubaaqudgha
Makhleb
Nemelex Xobeh
Okawaru
Qazlal
Ru
Trog
Vehumet
Yredelemnul
Zin
The Shining One

Shops:
D:6 [   D:7 (*


Innate Abilities, Weirdness & Mutations

You cannot wear most types of armour.
You are amphibious.
You can wear up to eight rings at the same time.
((You can use your tentacles to constrict many enemies at once.))
((Your skin changes colour to match your surroundings (Stealth).))
((Your rubbery body absorbs attacks (AC +1).))
You are frail (-10% HP).
Your natural rate of healing is unusually fast.
((You are resistant to electric shocks.))


Message History

Casting: Summon Butterflies
Confirm with . or Enter, or press ? or * to list all spells.
Okay, then.
Read which item? (? for menu, Esc to quit)
Okay, then.
Read which item? (? for menu, Esc to quit)
Okay, then.
Unknown command.
Quiver which item? (- for none, * to show all) (? for menu, Esc to quit)
Okay, then.
Drink which item? (? for menu, Esc to quit)
Okay, then.
Casting: Summon Butterflies
Confirm with . or Enter, or press ? or * to list all spells.
You turn into a venomous arachnid creature.
Your +5 blowgun melds into your body.
The naga sharpshooter gestures wildly while chanting.
The naga sharpshooter magically shoots an arrow of frost.
The arrow of frost hits you!!
You die...

.############
.............##
.............#
#.........##
##......s..#
#....)N.).(#
##......N)..#
#...b...#.)##
#......##.)#
#.....##..##
####.###..#
##.##..##
#N###).#


You could see 2 naga sharpshooters.

Vanquished Creatures
  Mara (Snake:4)
  Vashnia (Snake:2)
  The ghost of Fanu the Severer, a powerful HOFi of Okawaru (Snake:4)
  A greater naga (Snake:5)
  Aizul (Snake:2)
  A frost giant (IceCv)
  Azrael (Snake:4)
  10 naga warriors
  5 hydras
  A catoblepas (Lair:8)
  7 anacondas
  Erica (Lair:6)
  5 shock serpents
  8 naga sharpshooters
  Nergalle (Lair:6)
  A fire crab (Lair:8)
  4 salamander mystics
  An ice statue (IceCv)
  2 naga ritualists (Snake:2)
  3 hill giants (D:10)
  7 mana vipers
  A griffon (Lair:8)
  15 elephants
  2 manticores (Lair:8)
  12 salamanders
  42 black mambas
  7 naga magi
  A torpor snail (Lair:6)
  An orange demon (Snake:4)
  9 spiny frogs
  The ghost of vatarom the Changer, an experienced OpTm of Cheibriados (D:6)
  12 komodo dragons
  2 wandering mushrooms (Lair:2)
  The ghost of BLOAX the Chopper, an experienced TeFi of Cheibriados (D:5)
  A fire drake (Lair:8)
  20 polar bears
  Grinder (D:6)
  34 blink frogs
  3 slime creatures (Lair:8)
  2 two-headed ogres (D:10)
  3 basilisks
  78 yaks
  A spriggan (Lair:3)
  2 vampire mosquitoes (D:9)
  2 wyverns
  A deep elf mage (D:9)
  3 fire elementals
  A steam dragon (D:10)
  A hill giant zombie (D:9)
  3 hungry ghosts
  28 wolves
  8 hippogriffs
  3 insubstantial wisps (Lair:5)
  42 nagas
  10 porcupines
  A hell hound (Snake:3)
  34 water moccasins
  5 orc warriors
  A wasp (D:7)
  9 black bears
  3 ice beasts
  7 ogres
  A sky beast (D:5)
  3 phantoms
  5 centaurs
  A big kobold (D:8)
  16 crocodiles
  A wyvern zombie (D:8)
  16 giant frogs
  8 electric eels
  A troll zombie (D:9)
  8 wights (D:8)
  A centaur zombie (D:8)
  9 killer bees
  A giant frog zombie (D:6)
  7 orc priests
  7 hounds
  2 goliath beetles
  2 crimson imps
  8 jellies
  4 lava snakes (Snake:4)
  4 worker ants
  A giant frog skeleton (D:10)
  Natasha (D:3)
  9 iguanas
  22 orc wizards
  6 sheep (Lair:8)
  4 ogre zombies (D:9)
  A hound zombie (D:8)
  A mummy (D:9)
  5 gnolls
  62 river rats
  A worker ant zombie (D:7)
  29 adders
  2 shadow imps
  2 giant mites (D:6)
  12 white imps (Lair:1)
  2 worms
  2 adder skeletons (D:7)
  42 orcs
  7 ball pythons
  22 bats
  7 giant cockroaches
  16 goblins
  13 hobgoblins
  8 oozes
  6 quokkas
  5 giant geckos
  A giant gecko zombie (D:5)
  4 giant newts
  2 giant spores
  A goblin skeleton (D:9)
  A goblin zombie (D:9)
  2 hobgoblin zombies (D:9)
  27 kobolds
  3 orc skeletons (D:9)
  10 orc zombies (D:9)
  11 rats
  14 ballistomycetes
  A fungus (Lair:6)
  7 plants
953 creatures vanquished.

Vanquished Creatures (collateral kills)
  A hill giant (D:10)
  2 fire elementals (Snake:4)
  An orc warrior (D:6)
  A hell hound (Snake:4)
  An orc (D:10)
6 creatures vanquished.

Vanquished Creatures (others)
  An orange demon (Snake:4)
  A smoke demon (Snake:4)
  A hellwing (Snake:2)
  A water elemental (Snake:4)
  A ynoxinul (Snake:4)
  2 yaks (IceCv)
  2 neqoxecs (Snake:4)
  A wolf (IceCv)
  A crimson imp (Snake:4)
  An iron imp (Snake:4)
  An adder (Lair:8)
  A river rat (Lair:1)
  A shadow imp (Snake:4)
  4 ufetubi (Snake:4)
  A quokka (Lair:6)
  A giant spore (D:6)
  17 butterflies
  A fungus (Lair:8)
  4 plants
43 creatures vanquished.

Grand Total: 1002 creatures vanquished

Notes
Turn   | Place    | Note
--------------------------------------------------------------
     0 | D:1      | hulla, the Octopode Transmuter, began the quest for the Orb.
     0 | D:1      | Reached XP level 1. HP: 13/13 MP: 3/3
    94 | D:1      | Reached XP level 2. HP: 16/18 MP: 4/4
   496 | D:1      | Reached skill level 1 in Stealth
   656 | D:1      | Reached XP level 3. HP: 23/23 MP: 4/6
   661 | D:1      | Learned a level 3 spell: Spider Form
   664 | D:1      | Learned a level 2 spell: Sticks to Snakes
  1925 | D:3      | Reached XP level 4. HP: 17/28 MP: 3/7
  2147 | D:3      | Reached skill level 4 in Transmutations
  2147 | D:3      | Reached XP level 5. HP: 29/33 MP: 5/9
  2305 | D:3      | Noticed Natasha
  2311 | D:3      | Killed Natasha
  2390 | D:3      | Noticed a hippogriff
  2940 | D:4      | Noticed a phantom
  3120 | D:4      | Reached XP level 6. HP: 24/38 MP: 6/10
  3160 | D:4      | Reached skill level 5 in Transmutations
  3182 | D:4      | Noticed a phantom
  4067 | D:5      | Entered Level 5 of the Dungeon
  4101 | D:5      | Noticed BLOAX's ghost (experienced TeFi)
  4131 | D:4      | Reached XP level 7. HP: 35/43 MP: 6/12
  4248 | D:5      | Found a staircase to the Ecumenical Temple.
  4260 | D:5      | Reached skill level 5 in Dodging
  4286 | Temple   | Entered the Ecumenical Temple
  4334 | Temple   | Became a worshipper of Makhleb the Destroyer
  4737 | D:5      | Reached skill level 6 in Transmutations
  4760 | D:5      | Learned a level 4 spell: Ice Form
  5311 | D:5      | Acquired Makhleb's first power
  5473 | D:6      | Found a glowing golden altar of the Shining One.
  5686 | D:6      | Reached XP level 8. HP: 35/48 MP: 13/13
  5733 | D:6      | Noticed vatarom's ghost (experienced OpTm)
  5847 | D:6      | Noticed Grinder
  5870 | D:6      | Reached skill level 7 in Transmutations
  5933 | D:6      | Paralysed by Grinder for 7 turns
  5953 | D:6      | Killed Grinder
  6598 | D:6      | Found a glowing golden altar of the Shining One.
  6631 | D:6      | Found Onom's Armour Shop.
  6712 | D:7      | Found Rovoosysab's Antique Weapon Boutique.
  6842 | D:6      | Reached skill level 8 in Transmutations
  7061 | D:7      | Acquired Makhleb's second power
  7072 | D:7      | Reached XP level 9. HP: 50/53 MP: 12/14
  7595 | D:6      | Reached skill level 9 in Dodging
  7815 | D:7      | Found a blossoming altar of Fedhas.
  8069 | D:7      | Found Thrien's Serpentskin Sales.
  8111 | D:7      | Bought a +0 blowgun for 32 gold pieces
  8654 | D:8      | HP: 3/66 [wight/scimitar of freezing (1)]
  8726 | D:7      | Acquired Makhleb's third power
  9707 | D:7      | Reached XP level 10. HP: 65/65 MP: 12/16
  9903 | D:7      | Reached skill level 5 in Fighting
 10044 | D:8      | Reached skill level 5 in Unarmed Combat
 10490 | D:8      | Reached skill level 10 in Dodging
 10677 | D:9      | Acquired Makhleb's fourth power
 11795 | D:9      | Found a staircase to the Orcish Mines.
 11899 | D:9      | Acquired Makhleb's fifth power
 12360 | Orc:1    | Entered Level 1 of the Orcish Mines
 12547 | D:5      | Killed BLOAX's ghost
 12828 | D:4      | Killed a phantom
 12828 | D:4      | Reached XP level 11. HP: 76/76 MP: 13/17
 12907 | D:6      | Killed vatarom's ghost
 12998 | D:10     | Entered Level 10 of the Dungeon
 13020 | D:10     | Noticed a hill giant
 13043 | D:10     | Killed a hill giant
 13637 | D:10     | Found a staircase to the Lair.
 13647 | D:10     | Noticed a hill giant
 13658 | D:10     | Killed a hill giant
 13929 | D:10     | Noticed a hill giant
 13941 | D:10     | Killed a hill giant
 14165 | D:10     | Noticed a hill giant
 14178 | D:10     | Killed a hill giant
 14315 | Lair:1   | Entered Level 1 of the Lair of Beasts
 14356 | Lair:1   | Found a frozen archway.
 14477 | IceCv    | Entered an ice cave
 14737 | IceCv    | Reached skill level 10 in Fighting
 14748 | IceCv    | Noticed an ice statue
 14822 | IceCv    | Killed an ice statue
 14822 | IceCv    | Reached skill level 10 in Unarmed Combat
 14827 | IceCv    | Identified the Handbook of Beguiling and Transmigration
 14835 | IceCv    | Learned a level 1 spell: Corona
 14882 | IceCv    | Reached XP level 12. HP: 88/88 MP: 8/18
 15628 | IceCv    | Reached skill level 11 in Fighting
 15682 | IceCv    | Noticed a frost giant
 15742 | IceCv    | Gained mutation: Your natural rate of healing is unusually fast. [potion of mutation]
 15742 | IceCv    | Gained mutation: You are resistant to electric shocks. [potion of mutation]
 15742 | IceCv    | Gained mutation: You are frail (-10% HP). [potion of mutation]
 15755 | IceCv    | Killed a frost giant
 16497 | Lair:1   | Reached skill level 10 in Transmutations
 16862 | Lair:1   | Noticed a five-headed hydra
 16886 | Lair:1   | HP: 4/81 [five-headed hydra[the player character] (13)]
 17178 | Lair:1   | Reached skill level 5 in Spellcasting
 17384 | Lair:1   | Reached XP level 13. HP: 85/85 MP: 25/25
 17792 | Lair:2   | Identified a scroll of acquirement
 19244 | Lair:3   | Found a staircase to the Snake Pit.
 19368 | Lair:3   | Reached skill level 12 in Transmutations
 20659 | Lair:4   | Reached skill level 13 in Transmutations
 20679 | Lair:3   | Reached XP level 14. HP: 49/90 MP: 29/29
 20688 | Lair:3   | Learned a level 7 spell: Dragon Form
 21893 | Lair:5   | Found a staircase to the Swamp.
 22311 | Lair:6   | Noticed Erica
 22318 | Lair:6   | Killed Erica
 22373 | Lair:6   | Noticed Nergalle
 22538 | Lair:6   | Killed Nergalle
 23500 | Lair:7   | Reached skill level 14 in Transmutations
 23519 | Lair:7   | Reached skill level 1 in Invocations
 24715 | Lair:8   | Entered Level 8 of the Lair of Beasts
 25041 | Lair:8   | Found a staircase to the Slime Pits.
 26045 | Lair:8   | Reached XP level 15. HP: 97/97 MP: 29/31
 26551 | Lair:8   | Reached skill level 5 in Invocations
 27228 | Slime:1  | Entered Level 1 of the Pits of Slime
 27247 | Lair:8   | Learned a level 1 spell: Summon Butterflies
 27605 | Snake:1  | Entered Level 1 of the Snake Pit
 28269 | Snake:2  | Noticed Aizul
 28281 | Snake:2  | Killed Aizul
 29703 | Snake:2  | Reached XP level 16. HP: 104/104 MP: 27/31
 29798 | Snake:2  | Noticed Vashnia
 29832 | Snake:2  | Killed Vashnia
 31008 | Snake:3  | Reached skill level 10 in Invocations
 31726 | Snake:4  | Noticed Mara
 31738 | Snake:4  | Noticed hulla's illusion
 31952 | Snake:4  | Noticed Fanu's ghost (powerful HOFi)
 31988 | Snake:4  | Killed Fanu's ghost
 31997 | Snake:4  | Noticed Azrael
 32227 | Snake:4  | Noticed hulla's illusion
 32227 | Snake:4  | Killed Mara
 32610 | Snake:4  | Killed Azrael
 33205 | Snake:5  | Entered Level 5 of the Snake Pit
 33223 | Snake:5  | Found an iron altar of Okawaru.
 33345 | Snake:5  | Learned a level 3 spell: Mephitic Cloud
 33377 | Snake:5  | Reached skill level 1 in Air Magic
 33377 | Snake:5  | Reached skill level 1 in Poison Magic
 33442 | Snake:5  | Shot with an arrow of frost by a naga sharpshooter

Action                   |  1- 3 |  4- 6 |  7- 9 | 10-12 | 13-15 | 16-18 || total
-------------------------+-------+-------+-------+-------+-------+-------++-------
Melee: Unarmed           |    53 |   130 |   517 |   817 |  1276 |   340 ||  3133
       Spear             |    53 |       |       |       |    45 |       ||    98
 Fire: Blowgun           |       |       |    10 |   135 |    62 |    26 ||   233
Throw: Stone             |    23 |       |     1 |     1 |     8 |       ||    33
       Javelin           |       |     7 |    29 |    11 |    28 |     2 ||    77
 Cast: Beastly Appendage |     9 |    17 |    20 |    10 |    11 |     2 ||    69
       Spider Form       |     2 |    13 |    31 |    23 |     2 |     2 ||    73
       Sticks to Snakes  |       |     3 |     2 |     7 |       |       ||    12
       Ice Form          |       |       |    12 |    61 |    69 |    13 ||   155
       Dragon Form       |       |       |       |       |    36 |    15 ||    51
       Summon Butterflie |       |       |       |       |     3 |    11 ||    14
       Corona            |       |       |       |       |     3 |       ||     3
       Mephitic Cloud    |       |       |       |       |       |     6 ||     6
Invok: Minor Destruction |       |       |       |       |     2 |       ||     2
       Lesser Servant of |       |       |       |       |     1 |     9 ||    10
 Abil: End Transformatio |       |       |       |     6 |     2 |       ||     8
Evoke: Phial of floods   |       |       |       |       |     1 |     1 ||     2
       Wand              |       |       |       |       |       |     1 ||     1
  Use: Scroll            |     2 |       |     3 |    12 |    14 |     7 ||    38
       Potion            |     3 |     3 |     4 |     5 |     4 |     2 ||    21
 Stab: Sleeping          |     3 |     4 |     8 |    18 |    14 |     1 ||    48
       Distracted        |       |       |     1 |     1 |     2 |       ||     4
  Eat: Chunk             |     3 |    10 |    23 |    41 |    83 |    23 ||   183
       Pizza             |       |       |     1 |     1 |       |       ||     2
       Beef jerky        |       |       |       |     2 |       |       ||     2
